 Dungeon Crawl Stone Soup version 0.29-a0-350-g7790a0e70a (webtiles) character file.

Game seed: 7887345071749282228

52801 Shayle the Slinger (level 14, -10/88 HPs)
             Began as a Tengu Brigand on Apr 22, 2022.
             Was an Initiate of Gozag.
             Mangled by an ice dragon (11 damage)
             ... on level 4 of the Lair of Beasts.
             The game lasted 01:58:49 (21963 turns).

Shayle the Slinger (Tengu Brigand)                 Turns: 21963, Time: 01:58:50

Health: -10/88     AC: 15    Str: 20    XL:     14   Next: 65%
Magic:  2/25       EV: 20    Int: 15    God:    Gozag
Gold:   266        SH:  0    Dex: 18    Spells: 11/27 levels left

rFire   + . .      SeeInvis .   f - +9 hunting sling "Ryosesaf" {speed, rF+}
rCold   . . .      Faith    .   (no shield)
rNeg    . . .      Spirit   .   W - +1 leather armour of the Past {Str+3}
rPois   .          Reflect  .   (helmet restricted)
rElec   .          Harm     .   c - +2 cloak
rCorr   .          Rampage  .   x - +2 pair of gloves
Will    +....                   (boots unavailable)
Stlth   ++++......              (no amulet)
HPRegen 0.24/turn               k - +4 ring of protection
MPRegen 0.19/turn               A - +6 ring of strength

@: flying quickly and evasively, quick
A: beak, talons 3, nimble flight
a: Renounce Religion, Potion Petition, Call Merchant, Bribe Branch


You were on level 4 of the Lair of Beasts.
You worshipped Gozag.
Gozag was aware of your devotion.
You visited 3 branches of the dungeon, and saw 16 of its levels.
You also visited: Bailey and Volcano.

You collected 4002 gold pieces.
You spent 203 gold pieces at shops.
You paid 3533 gold pieces to Gozag.

Inventory:

Hand Weapons
 b - a +2 scimitar of flaming
 f - the +9 hunting sling "Ryosesaf" (weapon) {speed, rF+}
   (You found it on level 4 of the Dungeon)

   Attacks with this weapon are significantly faster.
   rF:        It protects you from fire.
 w - a +2 dagger of electrocution
 C - a +2 vorpal flail
Missiles
 d - 38 poisoned darts
 Q - 4 curare-tipped darts
Armour
 c - a +2 cloak (worn)
 h - a +0 ring mail
 p - a +3 leather armour of fire resistance
 x - a +2 pair of gloves (worn)
 B - a +0 buckler
 S - a +2 kite shield
 W - the +1 leather armour of the Past (worn) {Str+3}
   (You bought it in a shop on level 8 of the Dungeon)

   Str:       It affects your strength (+3).
Magical Staves
 g - a staff of conjuration
Jewellery
 a - an amulet of guardian spirit
 k - a +4 ring of protection (left hand)
 l - a +4 ring of evasion
 m - a ring of protection from cold
 y - a ring of resist corrosion
 A - a +6 ring of strength (right hand)
 D - the amulet of Erghy Sout {Acrobat rF- rC+ Int+5}
   (You found it on level 6 of the Dungeon)

   [amulet of the acrobat]

   It increases your evasion while moving and waiting.
   Int:       It affects your intelligence (+5).
   rF:        It makes you vulnerable to fire.
   rC:        It protects you from cold.
 L - a +6 ring of dexterity
 M - a ring of wizardry
 T - a ring of magical power
 V - a ring of protection from cold
Wands
 J - a wand of mindburst (4)
 N - a wand of digging (5)
 R - a wand of flame (7)
Scrolls
 i - a scroll of summoning
 j - a scroll of amnesia
 n - 8 scrolls of teleportation
 q - 5 scrolls of magic mapping
 t - 5 scrolls of enchant weapon
 u - 3 scrolls of fog
 v - 5 scrolls of vulnerability
 E - 2 scrolls of identify
 K - 3 scrolls of enchant armour
 O - a scroll of torment
 U - 3 scrolls of immolation
Potions
 e - a potion of cancellation
 o - 6 potions of haste
 r - 2 potions of might {unknown}
 s - 9 potions of ambrosia
 z - 7 potions of mutation
 F - a potion of lignification
 G - 5 potions of magic
 H - 4 potions of brilliance
 P - 2 potions of resistance {unknown}


   Skills:
 + Level 10.5 Fighting
 - Level 2.9 Short Blades
 + Level 13.1(13.2) Slings
 - Level 2.6(8.8) Throwing
 + Level 6.3 Armour
 - Level 9.1 Dodging
 - Level 8.0 Stealth
 - Level 7.3 Spellcasting
 - Level 6.0 Conjurations
 + Level 5.3 Translocations
 + Level 4.8 Transmutations
 + Level 2.5 Ice Magic
 + Level 4.0 Air Magic
 - Level 6.0 Earth Magic
 - Level 5.1 Evocations


You had 11 spell levels left.
You knew the following spells:

 Your Spells              Type           Power      Damage    Failure   Level
a - Stone Arrow           Conj/Erth      46%        3d9       3%          3
b - Irradiate             Conj/Tmut      10%        3d16      41%         5
c - Portal Projectile     Hex/Tloc       26%        N/A       16%         3
d - Freezing Cloud        Conj/Ice/Air   9%         6-21      58%         5

Your spell library contained the following spells:

 Spells                   Type           Power      Damage    Failure   Level
 Sandblast                Erth           46%        2d11      1%          1
 Blink                    Tloc           42%        N/A       2%          2
 Passwall                 Tmut/Erth      17%        N/A       2%          2
 Slow                     Hex            20%        N/A       16%         1
 Petrify                  Tmut/Erth      21%        N/A       16%         4
 Sublimation of Blood     Necr           5%         N/A       22%         2
 Ignite Poison            Fire/Tmut/Pois 10%        N/A       22%         3
 Leda's Liquefaction      Hex/Erth       7%         N/A       38%         4
 Sticky Flame             Conj/Fire      14%        2d4       38%         4
 Call Canine Familiar     Summ           5%         N/A       41%         3
 Confusing Touch          Hex            5%         N/A       41%         3
 Vampiric Draining        Necr           5%         2d6       41%         3
 Manifold Assault         Tloc           21%        N/A       43%         5
 Storm Form               Tmut/Air       9%         N/A       100%        7


Dungeon Overview and Level Annotations

Branches:
Dungeon (11/15)            Temple (1/1) D:6            Lair (4/6) D:8
 Shoals (0/4) Lair:4       Spider (0/4) Lair:4       Bailey (visited)
Volcano (visited)
    Orc: D:9-12

Altars:
Ashenzari
Cheibriados
Dithmenos
Elyvilon
Fedhas
Gozag
Hepliaklqana
Kikubaaqudgha
Makhleb
Nemelex Xobeh
Okawaru
Qazlal
Ru
Sif Muna
Trog
Uskayaw
Vehumet
Wu Jian
Xom
Yredelemnul
Zin
The Shining One

Shops:
D:5 *   D:8 [

Annotations:
D:10 Fannar, Lodul


Innate Abilities, Weirdness & Mutations

You have a beak for a mouth.
You have claws for feet.
Your magical nature lets you fly swiftly and evasively.


Message History

Casting: Stone Arrow (mildly dangerous; 3% risk of failure)
Confirm with . or Enter, or press ? or * to list all spells.
Aiming: Stone Arrow (mildly dangerous; 3% risk of failure)
Press: ? - help, Shift-Dir - straight line, f/p - ice dragon
Aim: an ice dragon (severely wounded, catching its breath, 79% to hit)
The stone arrow hits the ice dragon!
The ice dragon is almost dead.
The ice dragon completely misses you. The ice dragon claws you!
* * * LOW HITPOINT WARNING * * *
The ice dragon barely misses you.
Casting: Stone Arrow (mildly dangerous; 3% risk of failure)
Confirm with . or Enter, or press ? or * to list all spells.
Aiming: Stone Arrow (mildly dangerous; 3% risk of failure)
Press: ? - help, Shift-Dir - straight line, f/p - ice dragon
Aim: an ice dragon (almost dead, catching its breath, 79% to hit)
The stone arrow hits the ice dragon.
The ice dragon is almost dead.
The ice dragon closely misses you. x2; The ice dragon tramples you.
* * * LOW HITPOINT WARNING * * *
You hold your ground!
Casting: Stone Arrow (mildly dangerous; 3% risk of failure)
Confirm with . or Enter, or press ? or * to list all spells.
Aiming: Stone Arrow (mildly dangerous; 3% risk of failure)
Press: ? - help, Shift-Dir - straight line, f/p - ice dragon
Aim: an ice dragon (almost dead, catching its breath, 79% to hit)
The stone arrow misses the ice dragon.
The ice dragon barely misses you. The ice dragon claws you.
* * * LOW HITPOINT WARNING * * *
The ice dragon tramples you.
* * * LOW HITPOINT WARNING * * *
You hold your ground!
Your magical contamination has completely faded away.
Casting: Stone Arrow (mildly dangerous; 3% risk of failure)
Confirm with . or Enter, or press ? or * to list all spells.
Aiming: Stone Arrow (mildly dangerous; 3% risk of failure)
Press: ? - help, Shift-Dir - straight line, f/p - ice dragon
Aim: an ice dragon (almost dead, 79% to hit)
The stone arrow misses the ice dragon.
The ice dragon bites you!
You die...
Your body crumbles into a pile of gold.

#.D......## #........
#.........### ##.......
#..........# ###.....
#.......$..##### ##....
##.......$...P#.## ##...
#................#####....
##...............#..#.....
##......D........>#.......
#####........@.[..............
####...#.......}.................
.................................
................................<
##.##.#..........................
######...#......................#
####P...##.##P..........P.#....##
...............#................#
.#.###.........#................#


You could see an ice dragon.

Vanquished Creatures
  Snorg (Lair:3)
  A fire dragon (Lair:1)
  A hydra (Lair:3)
  4 two-headed ogres
  A death yak (Lair:4)
  Amaemon (D:8)
  4 orc knights (Bailey)
  An elephant (D:8)
  2 black mambas (Lair:2)
  A molten gargoyle (Volcano)
  8 cane toads
  An orange demon (D:8)
  A rime drake (Lair:4)
  A freezing wraith (Lair:4)
  5 komodo dragons
  2 yaktaurs (Volcano)
  3 kobold demonologists (D:9)
  2 ice devils (Lair:4)
  A polar bear (Lair:4)
  A queen bee (Lair:3)
  2 trolls
  16 blink frogs
  Sigmund (D:2)
  2 wyverns
  38 yaks
  2 basilisks
  4 fire bats (Volcano)
  A steam dragon (D:9)
  Grum (D:10)
  2 redbacks (Lair:4)
  Edmund (D:5)
  13 water moccasins
  2 acid dragons
  Duvessa (D:7)
  9 orc warriors
  3 black bears
  2 sky beasts (D:7)
  2 ogres
  3 wolves
  9 centaurs
  3 phantoms (D:5)
  4 kobold brigands
  A necrophage (D:7)
  12 bullfrogs
  4 gnoll sergeants
  2 scorpions
  8 wights
  Dowan (D:7)
  33 killer bees
  4 howler monkeys
  4 electric eels
  6 lava snakes (Volcano)
  3 jellies
  6 orc priests
  8 hounds
  3 iguanas
  A gnoll shaman (D:6)
  10 orc wizards
  A spriggan simulacrum (Lair:4)
  A wolf simulacrum (Lair:4)
  33 gnolls
  5 adders
  A naga simulacrum (Lair:4)
  3 shadow imps
  3 white imps
  An ufetubus (D:4)
  4 worms
  2 dart slugs (D:1)
  74 orcs
  8 ball pythons
  7 endoplasms
  3 giant cockroaches
  9 goblins
  11 hobgoblins
  13 jackals (D:4)
  19 kobolds
  4 quokkas
  6 bats
  3 frilled lizards
  6 rats
486 creatures vanquished.

Vanquished Creatures (collateral kills)
  A red draconian (Volcano)
  A molten gargoyle (Volcano)
  7 dream sheep (Lair:4)
  2 wolves (D:10)
  A centaur (D:10)
  3 howler monkeys (D:10)
15 creatures vanquished.

Vanquished Creatures (others)
  A centaur warrior (Volcano)
  A troll (D:10)
  24 fungi
  35 plants
61 creatures vanquished.

Grand Total: 562 creatures vanquished

Notes
Turn   | Place    | Note
-------+----------+-------------------------------------------
     0 | D:1      | Shayle the Tengu Brigand began the quest for the Orb.
     0 | D:1      | Reached XP level 1. HP: 12/12 MP: 2/2
    85 | D:1      | Reached XP level 2. HP: 13/17 MP: 3/3
   613 | D:1      | Reached XP level 3. HP: 21/21 MP: 4/4
   685 | D:1      | Found a faded altar of an unknown god.
   954 | D:2      | Reached XP level 4. HP: 27/27 MP: 5/5
  1390 | D:2      | Learned a level 3 spell: Stone Arrow
  1746 | D:2      | Noticed Sigmund
  1758 | D:2      | Killed Sigmund
  1759 | D:2      | Reached skill level 1 in Spellcasting
  1759 | D:2      | Reached skill level 1 in Conjurations
  1759 | D:2      | Reached skill level 1 in Earth Magic
  1759 | D:2      | Gained mutation: Your magical nature lets you fly swiftly
                  | and evasively. [Tengu growth]
  1759 | D:2      | Reached XP level 5. HP: 32/32 MP: 5/7
  1759 | D:2      | Reached XP level 6. HP: 37/37 MP: 5/8
  2398 | D:3      | Reached skill level 5 in Stealth
  2882 | D:3      | Reached XP level 7. HP: 41/41 MP: 10/10
  3004 | D:4      | Identified the +9 hunting sling "Ryosesaf" {speed, rF+}
  3324 | D:4      | Identified the +3 whip "Dijobbon" {freeze, *Corrode Dex+6}
  4058 | D:4      | Reached XP level 8. HP: 39/48 MP: 12/12
  4573 | D:5      | Entered Level 5 of the Dungeon
  4575 | D:5      | Found Oremurro's Lightly-Used Armoury.
  5042 | D:5      | Reached skill level 5 in Conjurations
  5374 | D:5      | Reached skill level 5 in Dodging
  5400 | D:5      | Reached XP level 9. HP: 53/53 MP: 15/15
  5463 | D:5      | Reached skill level 5 in Fighting
  5758 | D:5      | Noticed Edmund
  5776 | D:5      | Killed Edmund
  5777 | D:5      | Reached skill level 1 in Slings
  5924 | D:5      | Found a glowing golden altar of the Shining One.
  6143 | D:6      | Found a staircase to the Ecumenical Temple.
  6149 | Temple   | Entered the Ecumenical Temple
  6364 | Temple   | Became a worshipper of Gozag Ym Sagoz the Greedy
  6453 | D:6      | Identified the amulet of Erghy Sout {Acrobat rF- rC+ Int+5}
  6851 | D:6      | Found a snail-covered altar of Cheibriados.
  6853 | D:6      | Found a shadowy altar of Dithmenos.
  6856 | D:6      | Found a broken altar of Ashenzari.
  6856 | D:6      | Found a radiant altar of Vehumet.
  6856 | D:6      | Found a glowing silver altar of Zin.
  6856 | D:6      | Found a sparkling altar of Nemelex Xobeh.
  6856 | D:6      | Found an ancient bone altar of Kikubaaqudgha.
  6857 | D:6      | Found an iron altar of Okawaru.
  7113 | D:7      | Found a hazy altar of Hepliaklqana.
  7114 | D:7      | Found a bloodstained altar of Trog.
  7236 | D:7      | Reached skill level 2 in Slings
  7577 | D:7      | Reached skill level 3 in Slings
  7621 | D:7      | Noticed Dowan
  7626 | D:7      | Noticed Duvessa
  7647 | D:7      | Killed Duvessa
  7665 | D:7      | Killed Dowan
  7704 | D:7      | Reached XP level 10. HP: 41/60 MP: 17/17
  7886 | D:7      | Reached skill level 4 in Slings
  8614 | D:8      | Noticed an elephant
  8890 | D:8      | Killed an elephant
  8891 | D:8      | Reached skill level 5 in Spellcasting
  9130 | D:8      | Reached skill level 5 in Slings
 10062 | D:8      | Found a staircase to the Lair.
 10714 | D:9      | Reached skill level 6 in Slings
 10977 | D:9      | Noticed Amaemon
 10992 | D:9      | Noticed an orange demon
 11042 | D:8      | Killed an orange demon
 11064 | D:8      | Killed Amaemon
 11065 | D:8      | Reached XP level 11. HP: 24/67 MP: 20/20
 11624 | D:9      | Reached skill level 7 in Slings
 11667 | D:9      | Noticed a soul eater
 11679 | D:9      | Reached skill level 5 in Earth Magic
 11845 | D:10     | Entered Level 10 of the Dungeon
 11845 | D:10     | Noticed a two-headed ogre
 11845 | D:10     | Noticed Fannar
 12195 | D:10     | Noticed a two-headed ogre
 12212 | D:10     | Killed a two-headed ogre
 12213 | D:10     | Reached skill level 8 in Slings
 12232 | D:10     | Noticed Lodul
 12255 | D:10     | Killed a two-headed ogre
 12260 | D:10     | Noticed a two-headed ogre
 12280 | D:10     | Killed a two-headed ogre
 12451 | D:10     | Noticed Grum
 12503 | D:10     | Killed Grum
 12628 | D:10     | Found a flagged portal.
 12637 | Bailey   | Entered a bailey
 12867 | Bailey   | Noticed an orc knight
 12913 | Bailey   | Noticed an orc knight
 12925 | Bailey   | Noticed an orc knight
 12926 | Bailey   | Killed an orc knight
 12927 | Bailey   | Reached skill level 9 in Slings
 12927 | Bailey   | Reached XP level 12. HP: 53/75 MP: 23/23
 13228 | D:10     | Learned a level 5 spell: Irradiate
 13407 | D:10     | Learned a level 3 spell: Portal Projectile
 13481 | D:11     | Noticed a two-headed ogre
 13633 | D:10     | Noticed a two-headed ogre
 13633 | D:10     | Noticed a two-headed ogre
 13634 | D:10     | Noticed a two-headed ogre
 13666 | D:9      | Killed a two-headed ogre
 13711 | Lair:1   | Entered Level 1 of the Lair of Beasts
 13786 | Lair:1   | Reached skill level 1 in Armour
 13824 | Lair:1   | Found a dark tunnel.
 13833 | Volcano  | Entered a volcano
 13862 | Volcano  | Reached skill level 1 in Evocations
 13901 | Volcano  | Reached skill level 1 in Transmutations
 13908 | Volcano  | Reached skill level 1 in Translocations
 14006 | Volcano  | Found a bloodstained altar of Trog.
 14006 | Volcano  | Noticed a centaur warrior
 14017 | Volcano  | Killed a centaur warrior
 14023 | Volcano  | Reached skill level 10 in Slings
 14033 | Volcano  | Noticed a red draconian
 14047 | Volcano  | Killed a red draconian
 14736 | Lair:1   | Noticed a fire dragon
 15709 | Lair:1   | Reached skill level 11 in Slings
 15709 | Lair:1   | Reached XP level 13. HP: 74/81 MP: 24/24
 15743 | Lair:1   | Killed a fire dragon
 15762 | Lair:1   | Found the +1 robe of Vines {NoPotionHeal Regen++++}
 16147 | Lair:2   | Reached skill level 12 in Slings
 16601 | Lair:2   | Reached XP level 14. HP: 87/87 MP: 18/25
 16781 | Lair:2   | Got the Compendium of Battle Magic and Poisoning
 17072 | Lair:2   | Reached skill level 5 in Armour
 17308 | Lair:2   | Reached skill level 10 in Fighting
 18044 | Lair:3   | Learned a level 5 spell: Freezing Cloud
 18221 | Lair:3   | Reached skill level 1 in Air Magic
 18613 | Lair:3   | Noticed Snorg
 18625 | Lair:3   | Killed Snorg
 18626 | Lair:3   | Reached skill level 1 in Ice Magic
 18626 | Lair:3   | Reached skill level 5 in Evocations
 19524 | Lair:4   | Found a staircase to the Shoals.
 19576 | Lair:4   | Found a hole to the Spider Nest.
 19638 | Lair:4   | Reached skill level 5 in Translocations
 20659 | Lair:4   | Reached skill level 13 in Slings
 21686 | D:8      | Bought a spiked leather armour for 203 gold pieces
 21686 | D:8      | Identified the +1 leather armour of the Past {Str+3} (You
                  | bought it in a shop on level 8 of the Dungeon)
 21962 | Lair:4   | HP: 1/88 [ice dragon (4)]
 21963 | Lair:4   | Mangled by an ice dragon

Illustrated notes

Levels and vault maps discovered:
D:1:      kennysheep_arrival_seaside, layout_rooms,
          dilly_ecumenical_altar_fadedgnrine, minmay_misc_feat_iff,
          chequers_serial_rivers_room_b, nicolae_figureground_sparkle
D:2:      wad_crossroads, layout_basic, uniq_sigmund
D:3:      layout_rooms
D:4:      lemuel_castle_with_subvaults [lemuel_castle_interior_carwin_2],
          layout_basic
D:5:      layout_rooms, amcnicky_altar_gilded, minmay_shop_damaged,
          minmay_manual_mess, uniq_edmund
D:6:      layout_rooms, grunt_temple_overflow_open, minmay_temple_entry_hall,
          moated_statue, hangedman_abyss_or_decor_lesser_grid, dk_vineyard_3
D:7:      layout_loops_corners, nicolae_overflow_squiral, uniq_duvessa
D:8:      layout_loops_ring, david_lair_generic
D:9:      layout_loops_corners, uniq_amaemon
D:10:     layout_roguey, enter_bailey_7, uniq_grum, uniq_lodul, uniq_fannar
D:11:     layout_loops_ring, hiddenorc1_lemuel, serial_aquarium,
          aquarium_bridge_square [aquarium_subvault_wall,
          aquarium_subvault_balcony, aquarium_subvault_wall,
          aquarium_subvault_bridge], aquarium_bridge_long_joined
          [aquarium_subvault_wall, aquarium_subvault_bridge,
          aquarium_subvault_window, aquarium_subvault_window,
          aquarium_subvault_balcony, aquarium_subvault_balcony],
          aquarium_window_corner, aquarium_window_1, aquarium_window_2,
          aquarium_window_fake, aquarium_view_2e, aquarium_view_2c,
          aquarium_balcony_5b, grunt_livestock
Temple:   minmay_temple_curvy_loop
Lair:1:   dragon1_lemuel, layout_cave_shapes, nicolae_volcano_entry_two_sided,
          serial_bayou, serial_bayou_shore_b, serial_bayou_pond_e,
          serial_bayou_pond_b, serial_bayou_ford_a
Lair:2:   layout_gridlike, nicolae_quartered_pool_impasse
Lair:3:   layout_hall_layers, special_room [special_room_bee],
          serial_bayou_shore_b, uniq_snorg
Lair:4:   dreamdust_isle_of_ice, layout_gridlike, minmay_shoals_entry_centaurs,
          spider_nest_entry_a

Skill      XL: |  1  2  3  4  5  6  7  8  9 10 11 12 13 14 |
---------------+-------------------------------------------+-----
Dodging        | 2 3 5 6 7 8 9 |  9.1
Fighting       | 3 4 6 7 8 9 10 | 10.5
Spellcasting   | 1 2 3 4 5 7 |  7.3
Conjurations   | 1 2 3 5 6 |  6.0
Earth Magic    | 1 2 3 4 5 6 |  6.0
Stealth        | 5 6 7 8 |  8.0
Slings         | 3 6 9 11 12 13 | 13.1
Armour         | 4 6 |  6.3
Evocations     | 4 5 |  5.1
Transmutations | 3 4 |  4.8
Translocations | 4 5 |  5.3
Air Magic      | 4 |  4.0
Ice Magic      | 2 |  2.5
Short Blades   | |  2.9
Throwing       | |  2.6

Action                   |  1- 3 |  4- 6 |  7- 9 | 10-12 | 13-15 || total
-------------------------+-------+-------+-------+-------+-------++-------
Melee: Dagger            |    62 |   151 |   124 |    46 |       ||   383
       Peck              |     9 |    19 |    33 |    19 |     2 ||    82
       Kick              |    10 |    42 |    31 |    29 |     9 ||   121
       Punch             |     1 |     1 |     2 |       |       ||     4
       Flail             |       |       |    42 |    41 |    18 ||   101
       Hunting sling     |       |       |     6 |       |       ||     6
 Fire: Hunting sling     |       |       |   286 |   616 |   397 ||  1299
Throw: Dart              |       |     5 |    18 |    22 |     4 ||    49
       Throwing net      |       |       |     1 |       |       ||     1
 Cast: Stone Arrow       |       |       |       |    24 |   180 ||   204
Invok: Potion Petition   |       |       |       |     4 |     2 ||     6
       Call Merchant     |       |       |       |       |     1 ||     1
Evoke: Wand              |       |       |     1 |    14 |       ||    15
  Use: Scroll            |       |     4 |     6 |    20 |     4 ||    34
       Potion            |       |     1 |     6 |     4 |     2 ||    13
 Stab: Sleeping          |     3 |     7 |     1 |     1 |       ||    12
       Distracted        |       |     1 |     1 |     1 |     1 ||     4
Armor: Robe              |     7 |       |       |       |       ||     7
       Ring mail         |     6 |    44 |    74 |    83 |    71 ||   278
       Skin              |       |       |    73 |       |       ||    73
Dodge: Dodged            |    33 |    94 |   205 |   354 |   225 ||   911

Table legend: (Time is in decaauts)
 A = Elapsed time spent in this place.
 B = Non-inter-level travel time spent in this place.
 C = Inter-level travel time spent in this place.
 D = Time resting spent in this place.
 E = Time spent auto-exploring this place.
 F = Levels seen in this place.
 G = Mean time per level.
                   A        B        C        D        E       F      G
               +--------+--------+--------+--------+--------+-----+--------+
         Total |  20727 |  19849 |    878 |   5365 |   7889 |  18 | 1151.5 |
       Dungeon |  12482 |  11902 |    580 |   2963 |   4679 |  11 | 1134.7 |
        Temple |    224 |    167 |     57 |      0 |    160 |   1 |  224.0 |
          Lair |   6890 |   6650 |    240 |   1928 |   2981 |   4 | 1722.5 |
        Bailey |    515 |    515 |      0 |    163 |     20 |   1 |  515.0 |
       Volcano |    613 |    613 |      0 |    309 |     46 |   1 |  613.0 |
               +--------+--------+--------+--------+--------+-----+--------+

Top non-repeatable levels by time:
  Lair:4: 1897 daAuts
  Lair:3: 1844 daAuts
     D:7: 1814 daAuts
     D:8: 1711 daAuts
     D:4: 1647 daAuts
  Lair:2: 1595 daAuts
  Lair:1: 1553 daAuts
     D:5: 1303 daAuts
     D:9: 1223 daAuts
     D:1: 1201 daAuts
    D:10: 1015 daAuts
     D:2: 846 daAuts
     D:3: 827 daAuts
     D:6: 795 daAuts
 Volcano: 613 daAuts
